 Seeded DCSS version 0.28-a0-1567-g1695149f81 (webtiles) character file.

Game seed: 109 (custom seed)

9 knot the Chopper (level 2, 17/24 HPs)
             Began as a Demonspawn Berserker on Jan 19, 2022.
             Was a Follower of Trog.
             Quit the game on level 1 of the Dungeon.
             The game lasted 00:00:25 (480 turns).

knot the Chopper (Demonspawn Berserker)              Turns: 480, Time: 00:00:26

Health: 17/24      AC:  2    Str: 17    XL:     2   Next: 6%
Magic:  2/2        EV: 12    Int:  8    God:    Trog [*.....]
Gold:   14         SH:  4    Dex: 12    Spells: 1/1 levels left

rFire   . . .      SeeInvis .   a - +0 hand axe
rCold   . . .      Faith    .   (no shield)
rNeg    . . .      Spirit   .   b - +0 animal skin
rPois   .          Reflect  .   (no helmet)
rElec   .          Harm     .   (no cloak)
rCorr   .          Rampage  .   (no gloves)
Will    .....                   (no boots)
Stlth   +.........              (no amulet)
HPRegen 0.08/turn               (no ring)
MPRegen 0.08/turn               (no ring)

@: no status effects
A: condensation shield
a: Renounce Religion, Berserk


You were on level 1 of the Dungeon.
You worshipped Trog.
Trog was aware of your devotion.
You visited 1 branch of the dungeon, and saw 1 of its levels.

You collected 14 gold pieces.

Inventory:

Hand Weapons
 a - a +0 hand axe (weapon)
Missiles
 c - 13 stones (quivered)
 f - 2 poisoned darts
Armour
 b - a +0 animal skin (worn)
Scrolls
 e - a scroll of identify {unknown}
Potions
 d - a potion of curing {unknown}


   Skills:
 - Level 3.0 Fighting
 + Level 3.3 Axes
 - Level 1.7 Armour
 - Level 1.7 Dodging


You had one spell level left.
You didn't know any spells.
Your spell library was empty.

Dungeon Overview and Level Annotations

Branches:
Dungeon (1/15)

Altars:

Shops:
D:1 *


Innate Abilities, Weirdness & Mutations

A meltable shield of frost defends you. (SH +4)


Message History

You see here a frilled lizard corpse.
Found Syseimoih's Assorted Antiques.
d - a murky white potion
e - a scroll labelled KAODUN COERR No target in view!
There is an entrance to Syseimoih's Assorted Antiques here.
Unknown command.
Unknown command.
Unknown command.
f - 2 poisoned darts You open the door.
A kobold comes into view. It is wielding a +0 short sword.
The kobold shouts!
A kobold is nearby!
A kobold is nearby!
A quokka comes into view.
Found a stone staircase leading down.
The kobold hits you with a +0 short sword.
There is an open door here.
You barely miss the kobold. The kobold misses you.
You hit the kobold.
The kobold is severely wounded.
You barely miss the quokka. The kobold completely misses you.
The quokka barely misses you.
You hit the kobold but do no damage.
The kobold is severely wounded.
You hit the quokka. The quokka bites you.
The kobold hits you but does no damage. The quokka bites you.
The kobold misses you.
You slash the kobold!
You kill the kobold!
Trog accepts your kill.
You closely miss the quokka. The quokka closely misses you.
You have reached level 2!
Your demonic ancestry asserts itself...
Frost condenses into a shield before you.
You slash the quokka!
You kill the quokka!
Trog accepts your kill.
Are you sure you want to abandon this character and quit the game? (Confirm with "yes".)

#.#.####.##.#####
.....###.##.#...##
#.#.###..........###.#
#.#..................
.......#.##.#....###
.####.#.##.#.....# #
#.#.##.#.....# #. #
#.##.#.....# ..
..##.####@## .....
.........)...># .....
.................
.....
..................
.... ##.###.........
... .. .......### #.#
# #.####.# #.##. #. .#
.....


There were no monsters in sight!

Vanquished Creatures
  An endoplasm (D:1)
  2 goblins (D:1)
  A quokka (D:1)
  A frilled lizard (D:1)
  3 kobolds (D:1)
  A rat (D:1)
9 creatures vanquished.

Notes
Turn   | Place    | Note
-------+----------+-------------------------------------------
     0 | D:1      | knot the Demonspawn Berserker began the quest for the Orb.
     0 | D:1      | Reached XP level 1. HP: 18/18 MP: 1/1
   419 | D:1      | Found Syseimoih's Assorted Antiques.
   479 | D:1      | Gained mutation: A meltable shield of frost defends you.
                  | (SH +4) [demonic ancestry]
   479 | D:1      | Reached XP level 2. HP: 17/24 MP: 2/2
   480 | D:1      | Quit the game

Illustrated notes

Levels and vault maps discovered:
D:1:      scummos_arrival_gate, layout_basic, serial_shops, shop,
          nicolae_shop_stone, shop, shop_fountains,
          nicolae_shop_bloodbath_and_beyond

Skill      XL: |  1 |
---------------+----+-----
Axes           | 3 |  3.3
Fighting       | |  3.0
Armour         | |  1.7
Dodging        | |  1.7

Action                   || total
-------------------------++-------
Melee: Hand axe          ||    21
Invok: Berserk           ||     1
Armor: Animal skin       ||     5
Dodge: Dodged            ||    10

Table legend: (Time is in decaauts)
 A = Elapsed time spent in this place.
 B = Non-inter-level travel time spent in this place.
 C = Inter-level travel time spent in this place.
 D = Time resting spent in this place.
 E = Time spent auto-exploring this place.
 F = Levels seen in this place.
 G = Mean time per level.
                   A        B        C        D        E       F      G
               +--------+--------+--------+--------+--------+-----+--------+
         Total |    489 |    489 |      0 |    205 |    233 |   1 |  489.0 |
       Dungeon |    489 |    489 |      0 |    205 |    233 |   1 |  489.0 |
               +--------+--------+--------+--------+--------+-----+--------+

Top non-repeatable levels by time:
     D:1: 489 daAuts
